[Event "fics rated crazyhouse match"]
[Site "fics, Oklahoma City, OK USA"]
[Date "2000.03.28"]
[White "LordPixel"]
[WhiteElo "2335"]
[Black "Eyefor"]
[BlackElo "2330"]
[TimeControl "0+1"]
[Result "1-0"]

1. e4 Nf6 2. Nc3 d5 3. exd5 Nxd5 4. Nf3 e6 5. d4 Nxc3 6. bxc3 
P@e4 7. Bb5+ Nd7 8. Ng5 N@d6 9. Qh5 g6 10. Qe2 Nxb5 11. Qxb5 B@c6 
12. Qe2 Nb6 13. N@e5 Nd5 14. Ngxf7 Nxc3 15. Nxd8 Nxe2 16. Ndxc6 Q@c3+ 17. Bd2 
Qxa1+ 18. Kxe2 P@d3+ 19. Nxd3 exd3+ 20. cxd3 N@c3+ 21. Bxc3 Qxa2+ 22. B@d2 P@f3+ 
23. gxf3 bxc6 24. N@f6+ Ke7 25. Q@e8+ Kxf6 26. d5+ N@e5 27. N@e4+ Kg7 28. P@f6+ 
Kg8 29. N@h6# 
{Eyefor checkmated} 1-0

[Event "fics rated crazyhouse match"]
[Site "fics, Oklahoma City, OK USA"]
[Date "2000.03.28"]
[White "Eyefor"]
[WhiteElo "2322"]
[Black "LordPixel"]
[BlackElo "2343"]
[TimeControl "60+0"]
[Result "1-0"]

1. e4 Nf6 2. Nc3 d5 3. exd5 Nxd5 4. Nf3 e6 5. d4 Bb4 6. Bd2 
Nxc3 7. bxc3 N@b2 8. Qb1 Ba3 9. N@b5 P@e3 10. fxe3 Qe7 11. Bc1 Nc6 
12. Nxa3 Qxa3 13. Bxb2 Qe7 14. P@b5 Nb8 15. N@h5 Rg8 16. B@c5 Qd8 17. P@e7 
Qd5 18. Ne5 Qe4 19. Qc1 N@a4 20. Ng3 Qh4 21. Bb4 a5 22. bxa6 Nxb2 
23. axb7 Bxb7 24. Qxb2 P@f2+ 25. Kxf2 B@d2 26. Bb5+ Bc6 27. Bxc6+ Nxc6 28. P@d7# 
{LordPixel checkmated} 1-0

[Event "fics rated crazyhouse match"]
[Site "fics, Oklahoma City, OK USA"]
[Date "2000.03.28"]
[White "LordPixel"]
[WhiteElo "2335"]
[Black "Eyefor"]
[BlackElo "2330"]
[TimeControl "0+1"]
[Result "1-0"]

1. e4 e6 2. d4 d6 3. Nf3 Nf6 4. Bd3 Nc6 5. c3 d5 6. e5 
Ne4 7. O-O Be7 8. Qe2 Ng5 9. Bxg5 Bxg5 10. Nxg5 Qxg5 11. N@h3 Qe7 
12. B@c5 Qh4 13. Nd2 N@g4 14. Nf3 Qd8 15. Nhg5 B@f5 16. Bxf5 exf5 17. e6 
Bxe6 18. B@h5 P@g6 19. Nxe6 fxe6 20. Qxe6+ B@e7 21. Bxg4 fxg4 22. P@f7+ Kf8 
23. N@d7+ Qxd7 24. Qxd7 N@e2+ 25. Kh1 N@d3 26. Q@e8+ Rxe8 27. fxe8=Q# 
{Eyefor checkmated} 1-0

[Event "fics rated crazyhouse match"]
[Site "fics, Oklahoma City, OK USA"]
[Date "2000.03.28"]
[White "Eyefor"]
[WhiteElo "2322"]
[Black "LordPixel"]
[BlackElo "2343"]
[TimeControl "0+1"]
[Result "1-0"]

1. e4 Nf6 2. Nc3 d5 3. exd5 Nxd5 4. Nf3 e6 5. d4 Nxc3 6. bxc3 
P@e4 7. Bb5+ c6 8. Bg5 Qc7 9. Be2 exf3 10. Bxf3 N@b2 11. Qb1 N@c4 
12. P@b3 Bd7 13. bxc4 Nxc4 14. P@b3 Na3 15. Qc1 P@f6 16. Be3 e5 17. dxe5 
fxe5 18. P@b2 P@f4 19. bxa3 fxe3 20. fxe3 B@g4 21. Bxg4 Bxg4 22. P@f3 B@h4+ 
23. B@g3 Bxg3+ 24. hxg3 e4 25. B@f4 B@e5 26. Bxe5 Qxe5 27. fxg4 Bxa3 28. Rxh7 
Rxh7 29. P@d7+ Nxd7 30. N@c7+ Qxc7 31. Qxa3 Qxg3+ 32. B@f2 R@g1+ 33. B@f1 P@d2+ 
34. Kxd2 Qxf2+ 35. N@e2 Rxf1 36. N@c7+ Kd8 37. Rxf1 Qxg2 38. R@g1 Qxe2+ 39. Kxe2 
P@f3+ 40. Ke1 P@d2+ 41. Kxd2 Rh2+ 42. P@f2 Rxf2+ 43. Rxf2 Kxc7 44. Q@f4+ P@e5 
45. B@d6+ Kc8 46. R@c7+ Kd8 47. Rxd7+ Kxd7 48. Qxf7+ Kd8 49. P@c7+ Kc8 50. P@d7# 
{LordPixel checkmated} 1-0

[Event "fics rated crazyhouse match"]
[Site "fics, Oklahoma City, OK USA"]
[Date "2000.03.28"]
[White "LordPixel"]
[WhiteElo "2335"]
[Black "Eyefor"]
[BlackElo "2330"]
[TimeControl "0+1"]
[Result "1-0"]

1. e4 Nf6 2. Nc3 d5 3. exd5 Nxd5 4. d4 e6 5. Nxd5 exd5 6. Nf3 
Nc6 7. Be2 P@e4 8. Ne5 Nxe5 9. dxe5 N@c4 10. Bxc4 dxc4 11. Qxd8+ Kxd8 
12. Q@d5+ Q@d7 13. Qxd7+ Bxd7 14. Q@h4+ Q@e7 15. Bg5 f6 16. exf6 gxf6 17. Bxf6 
B@b4+ 18. P@d2 Bxd2+ 19. Kxd2 c3+ 20. bxc3 N@c4+ 21. Kd1 P@e2+ 22. Ke1 P@b2 
23. Rb1 Na3 24. Rxb2 e3 25. fxe3 Nb5 26. Rxb5 Bxb5 27. Qd4+ Ke8 28. B@h5+ 
R@f7 29. Bxe7 Kxe7 30. Q@e5# 
{Eyefor forfeits on time} 1-0

[Event "fics rated crazyhouse match"]
[Site "fics, Oklahoma City, OK USA"]
[Date "2000.03.28"]
[White "Eyefor"]
[WhiteElo "2322"]
[Black "LordPixel"]
[BlackElo "2343"]
[TimeControl "60+0"]
[Result "1-0"]

1. e4 Nf6 2. e5 Nd5 3. d4 Nc6 4. Bc4 e6 5. Bxd5 exd5 6. Nc3 
d6 7. N@g5 dxe5 8. dxe5 Nxe5 9. P@f4 P@b4 10. fxe5 bxc3 11. bxc3 N@h4 
12. Nxf7 Nxg2+ 13. Kf1 Kxf7 14. N@g5+ Ke7 15. P@f6+ gxf6 16. exf6+ Kxf6 17. Qf3+ 
B@f5 18. Qxg2 P@h3 19. N1xh3 Bxh3 20. Nxh3 Bxh3 21. B@g5+ Kf7 22. N@e5+ Ke6 
23. Qxh3+ N@f5 24. B@f7+ Kd6 25. Bxd8 Ng3+ 26. hxg3 P@e2+ 27. Kxe2 P@f3+ 28. Nxf3 
P@d3+ 29. cxd3 N@g1+ 30. Rxg1 N@d4+ 31. Nxd4 Rxd8 32. Qe6+ Kc5 33. N@b3# 
{LordPixel checkmated} 1-0

[Event "fics rated crazyhouse match"]
[Site "fics, Oklahoma City, OK USA"]
[Date "2000.03.28"]
[White "LordPixel"]
[WhiteElo "2335"]
[Black "Eyefor"]
[BlackElo "2330"]
[TimeControl "0+1"]
[Result "1-0"]

1. e4 Nf6 2. Nc3 d5 3. exd5 Nxd5 4. d4 e6 5. Nxd5 exd5 6. Nf3 
Nc6 7. Be2 P@e4 8. Ne5 Nxe5 9. dxe5 N@c4 10. Bxc4 dxc4 11. Qxd8+ Kxd8 
12. Q@d5+ N@d7 13. Qxc4 Nxe5 14. Bg5+ P@f6 15. Qxe4 Q@b4+ 16. Qxb4 Bxb4+ 17. P@c3 
Bxc3+ 18. bxc3 fxg5 19. Q@d2+ P@d3 20. P@e7+ Ke8 21. B@a4+ Nd7 22. Bxd7+ Bxd7 
23. N@d5 Q@e5+ 24. N@e3 dxc2 25. Qxc2 P@h3 26. N@f6+ Qxf6 27. Nxc7+ Kxe7 28. N@d5+ 
Kd8 29. Nxf6 hxg2 30. Nxg2 N@f3+ 31. Kd1 B@a4 32. P@e7+ Kc8 33. Q@f8+ Rxf8 
34. exf8=Q+ B@d8 35. P@b3 Kxc7 36. P@d6+ Kb6 37. Nd5+ Ka6 38. bxa4 P@b2 39. P@b5+ 
Bxb5 40. axb5+ Kxb5 41. Qxb2+ Kc6 42. Qxf7 Q@d3+ 43. R@d2 P@e2+ 44. Kc1 Nxd2 
45. Nb4+ Kxd6 46. P@e5+ Kxe5 47. Nxd3+ Kd6 48. Q@c5# 
{Eyefor checkmated} 1-0

[Event "fics rated crazyhouse match"]
[Site "fics, Oklahoma City, OK USA"]
[Date "2000.03.28"]
[White "Eyefor"]
[WhiteElo "2322"]
[Black "LordPixel"]
[BlackElo "2343"]
[TimeControl "60+0"]
[Result "1-0"]

1. e4 Nf6 2. Nc3 d5 3. exd5 Nxd5 4. Nf3 e6 5. d4 Nxc3 6. bxc3 
P@e4 7. Ng5 Qd5 8. P@c4 Qd8 9. Nxf7 Kxf7 10. N@e5+ Ke7 11. Qh5 N@d6 
12. c5 N@f6 13. Bg5 Nc6 14. cxd6+ Qxd6 15. Qf7+ Kd8 16. Bxf6+ Ne7 17. N@c4 
P@b2 18. Rb1 gxf6 19. Nxd6 cxd6 20. P@c7+ Kxc7 21. N@e8+ Kd8 22. Q@c7# 
{LordPixel checkmated} 1-0

[Event "fics rated crazyhouse match"]
[Site "fics, Oklahoma City, OK USA"]
[Date "2000.03.28"]
[White "LordPixel"]
[WhiteElo "2335"]
[Black "Eyefor"]
[BlackElo "2330"]
[TimeControl "0+1"]
[Result "0-1"]

1. e4 Nf6 2. Nc3 d5 3. exd5 Nxd5 4. Nf3 e6 5. d4 Nxc3 6. bxc3 
P@e4 7. Bb5+ Nd7 8. Ng5 N@d6 9. Qh5 g6 10. Qe2 Nxb5 11. Qxb5 B@c6 
12. Qe2 e3 13. f4 Bxg2 14. Qxg2 P@d2+ 15. Bxd2 exd2+ 16. Qxd2 h6 17. Nxf7 
Kxf7 18. N@e5+ Nxe5 19. fxe5 N@f3+ 20. Ke2 Nxd2 21. Kxd2 Q@g2+ 22. P@f2 N@e4+ 
23. Ke3 Qxf2+ 24. Kd3 B@e2+ 25. Kxe4 Qf3# 
{LordPixel checkmated} 0-1

[Event "fics rated crazyhouse match"]
[Site "fics, Oklahoma City, OK USA"]
[Date "2000.03.28"]
[White "Eyefor"]
[WhiteElo "2338"]
[Black "LordPixel"]
[BlackElo "2327"]
[TimeControl "0+1"]
[Result "1-0"]

1. e4 Nf6 2. Nc3 d5 3. exd5 Nxd5 4. Nf3 e6 5. d4 Nxc3 6. bxc3 
P@e4 7. Bb5+ c6 8. Bg5 Qc7 9. Be2 exf3 10. Bxf3 N@b2 11. Qb1 N@c4 
12. P@b3 Bd7 13. bxc4 Nxc4 14. N@b2 Nxb2 15. Qxb2 N@c4 16. Qb3 P@d5 17. P@f6 
gxf6 18. Bxf6 P@d2+ 19. Kf1 Rg8 20. N@c5 Bxc5 21. dxc5 N@c1 22. Qa4 Rxg2 
23. Kxg2 P@h3+ 24. Kg1 Qxh2+ 25. Rxh2 d1=Q+ 26. Bxd1 Ne2+ 27. Bxe2 P@b2 28. Q@e7# 
{LordPixel checkmated} 1-0

[Event "fics rated crazyhouse match"]
[Site "fics, Oklahoma City, OK USA"]
[Date "2000.03.28"]
[White "LordPixel"]
[WhiteElo "2319"]
[Black "Eyefor"]
[BlackElo "2346"]
[TimeControl "60+0"]
[Result "0-1"]

1. e4 Nf6 2. Nc3 d5 3. exd5 Nxd5 4. Nf3 e6 5. d4 Bb4 6. Bd2 
Nxc3 7. bxc3 N@b2 8. Qb1 Ba3 9. N@b5 Qe7 10. P@d6 Bxd6 11. Qxb2 P@a3 
12. Qb1 P@b2 13. Nxd6+ cxd6 14. N@h5 bxa1=Q 15. Nxg7+ Kf8 16. Qxa1 Kxg7 17. B@g5 
R@e4+ 18. P@e2 Qd7 19. Bh6+ Kg8 20. P@g7 N@g6 21. gxh8=N Kxh8 22. e3 P@b2 
23. Qb1 N@g4 24. Bd3 d5 25. R@h5 Nxf2 26. Kxf2 P@g7 27. Bxg7+ Kxg7 28. N@e5 
Nxe5 29. Nxe5 N@g4+ 30. Nxg4 Rxg4 31. N@e5 N@e4+ 32. Bxe4 dxe4 33. Nxd7 Bxd7 
34. Kg1 N@f3+ 35. Kf2 Rxg2+ 36. Kxg2 Nxd2 37. Qd1 B@f3# 
{LordPixel forfeits on time} 0-1

[Event "fics rated crazyhouse match"]
[Site "fics, Oklahoma City, OK USA"]
[Date "2000.03.28"]
[White "Eyefor"]
[WhiteElo "2353"]
[Black "LordPixel"]
[BlackElo "2312"]
[TimeControl "0+1"]
[Result "1-0"]

1. d4 e6 2. Nc3 d6 3. e4 Nf6 4. Nf3 Nc6 5. Bg5 Be7 6. Bb5 
Ng4 7. Bxe7 Qxe7 8. h3 Nxf2 9. Bxc6+ bxc6 10. Kxf2 B@g3+ 11. Kxg3 P@b4 
12. B@h4 Qd7 13. N@h5 bxc3 14. N@f6+ gxf6 15. Nxf6+ Kf8 16. Nxd7+ Bxd7 17. B@h6+ 
N@g7 18. Bxg7+ Kg8 19. N@h6+ Kxg7 20. Q@f6+ Kf8 21. Qxf7# 
{LordPixel checkmated} 1-0

[Event "fics rated crazyhouse match"]
[Site "fics, Oklahoma City, OK USA"]
[Date "2000.03.28"]
[White "LordPixel"]
[WhiteElo "2305"]
[Black "Eyefor"]
[BlackElo "2360"]
[TimeControl "0+1"]
[Result "1-0"]

1. e4 e6 2. d4 Nf6 3. e5 Nd5 4. Nf3 d6 5. exd6 cxd6 6. Be2 
Nf4 7. Bxf4 P@c7 8. Bb5+ Bd7 9. Nc3 Bxb5 10. Nxb5 B@a5+ 11. P@c3 a6 
12. Na3 Nc6 13. Nc4 d5 14. Nxa5 Nxa5 15. B@a4+ N@c6 16. N@e5 Bd6 17. Bg5 
Qc8 18. B@d7+ Qxd7 19. Nxd7 Kxd7 20. Bxc6+ Nxc6 21. N@c5+ Bxc5 22. dxc5 h6 
23. Bf4 Kd8 24. Bxc7+ Kxc7 25. Q@d6+ Kc8 26. B@d7+ Kd8 27. P@c7# 
{Eyefor checkmated} 1-0

[Event "fics rated crazyhouse match"]
[Site "fics, Oklahoma City, OK USA"]
[Date "2000.03.28"]
[White "Eyefor"]
[WhiteElo "2351"]
[Black "LordPixel"]
[BlackElo "2314"]
[TimeControl "60+0"]
[Result "1-0"]

1. e4 Nf6 2. Nc3 d5 3. exd5 Nxd5 4. d4 e6 5. Nxd5 exd5 6. Nf3 
Nc6 7. Be2 P@e4 8. Ne5 Nxe5 9. dxe5 N@c4 10. Bxc4 dxc4 11. Qxd8+ Kxd8 
12. Q@d5+ N@d7 13. Qxc4 Nxe5 14. Qxe4 B@a5+ 15. P@c3 Bd6 16. P@c5 P@f5 17. Qh4+ 
Be7 18. Qd4+ Nd7 19. Qxg7 Q@e8 20. N@e6+ fxe6 21. N@f7+ Qxf7 22. Qxf7 N@e5 
23. Qxe6 N@d3+ 24. cxd3 Nxd3+ 25. Kf1 P@f7 26. Qxf5 Nxc1 27. Qxf7 B@d3+ 28. Ke1 
Bf5 29. Qxf5 Bxc3+ 30. bxc3 P@d2+ 31. Kxd2 Nf6 32. Q@d4+ Ke8 33. B@h5+ Kf8 
34. B@h6+ Kg8 35. Qg5# 
{LordPixel checkmated} 1-0

[Event "fics rated crazyhouse match"]
[Site "fics, Oklahoma City, OK USA"]
[Date "2000.03.28"]
[White "LordPixel"]
[WhiteElo "2307"]
[Black "Eyefor"]
[BlackElo "2358"]
[TimeControl "0+1"]
[Result "0-1"]

1. e4 e6 2. d4 d6 3. Nf3 Nf6 4. Bd3 Nc6 5. c3 e5 6. d5 
Nb8 7. h3 Nbd7 8. Be3 Be7 9. Na3 Nh5 10. Nxe5 Nxe5 11. Bb5+ c6 
12. dxc6 bxc6 13. Qxh5 cxb5 14. Nxb5 N@c2+ 15. Kd2 B@d3 16. N@c7+ Kf8 17. Nxa8 
Nxe3 18. P@c7 N3c4+ 19. Kc1 P@d2+ 20. Kd1 B@c2# 
{LordPixel checkmated} 0-1

[Event "fics rated crazyhouse match"]
[Site "fics, Oklahoma City, OK USA"]
[Date "2000.03.28"]
[White "Eyefor"]
[WhiteElo "2365"]
[Black "LordPixel"]
[BlackElo "2300"]
[TimeControl "0+1"]
[Result "0-1"]

1. e4 e6 2. d4 d6 3. Nf3 Nf6 4. Bd3 Be7 5. e5 Nd5 6. O-O 
Nc6 7. Qe2 dxe5 8. dxe5 P@g4 9. Nfd2 h5 10. P@g6 fxg6 11. Bxg6+ P@f7 
12. Bxf7+ Kxf7 13. P@g6+ Kxg6 14. P@e4 Nf4 15. Qe3 Nxg2 16. Kxg2 B@d4 17. Qe1 
Kf7 18. Kh1 Kg8 19. N@c4 Nxe5 20. Nxe5 P@g2+ 21. Kxg2 Bxe5 22. Kh1 Bxh2 
23. P@f7+ Kxf7 24. Kxh2 N@f3+ 25. Nxf3 gxf3 26. N@e5+ Kg8 27. B@f7+ Kh7 28. Nxf3 
P@g3+ 29. Kh1 P@g2+ 30. Kxg2 P@d2 31. P@g6+ Kh6 32. Bxd2+ P@g5 33. Kh1 gxf2 
34. Qxf2 N@g4 35. Qe2 P@d3 36. Qxd3 Qxd3 37. cxd3 Q@h3+ 38. Kg1 Bc5+ 39. P@f2 
Qg3+ 40. Q@g2 Bxf2+ 41. Rxf2 Qxf2+ 42. Qxf2 R@d1+ 43. N@f1 P@h2+ 44. Qxh2 Rxf1+ 
45. Kxf1 Nxh2+ 46. Nxh2 Q@h1+ 47. Q@g1 N@g3# 
{Eyefor forfeits on time} 0-1

[Event "fics rated crazyhouse match"]
[Site "fics, Oklahoma City, OK USA"]
[Date "2000.03.28"]
[White "Eyefor"]
[WhiteElo "2347"]
[Black "LordPixel"]
[BlackElo "2318"]
[TimeControl "60+0"]
[Result "1-0"]

1. e4 e6 2. d4 d6 3. Nf3 Nf6 4. Nc3 Nc6 5. d5 exd5 6. exd5 
Nb4 7. Be2 Qe7 8. O-O Bg4 9. Be3 Bxf3 10. Bxf3 N@f5 11. B@a4+ Kd8 
12. Bg5 P@h6 13. Bxf6 gxf6 14. a3 Nxc2 15. Bxc2 Nh4 16. P@c6 Nxf3+ 17. Qxf3 
bxc6 18. N@f5 Qd7 19. N@b7+ Kc8 20. dxc6 Qe6 21. P@d7+ Qxd7 22. cxd7+ Kxd7 
23. Qc6+ Kxc6 24. Q@b5# 
{LordPixel checkmated} 1-0

[Event "fics rated crazyhouse match"]
[Site "fics, Oklahoma City, OK USA"]
[Date "2000.03.28"]
[White "LordPixel"]
[WhiteElo "2311"]
[Black "Eyefor"]
[BlackElo "2354"]
[TimeControl "60+0"]
[Result "1-0"]

1. e4 Nf6 2. e5 Nd5 3. d4 Nc6 4. Bc4 e6 5. Bxd5 exd5 6. N@g5 
B@a5+ 7. Nc3 d6 8. exd6 Bxd6 9. P@c5 Bxc3+ 10. bxc3 N@f4 11. Nxf7 Qe7+ 
12. Kf1 Qxf7 13. cxd6 cxd6 14. Bxf4 N@e4 15. B@h5 P@g6 16. P@f6 gxh5 17. fxg7 
Rg8 18. P@f6 P@b2 19. Rb1 B@c4+ 20. B@d3 Bxd3+ 21. Qxd3 Qxf6 22. N@c7+ Kd8 
23. Nxd5 Qxg7 24. P@c7+ Kd7 25. Qxe4 B@c4+ 26. Ke1 Bxd5 27. Qxd5 Kxc7 28. Qxd6+ 
Kb6 29. Qc5+ Ka6 30. B@c4+ P@b5 31. Qxb5# 
{Eyefor checkmated} 1-0

[Event "fics rated crazyhouse match"]
[Site "fics, Oklahoma City, OK USA"]
[Date "2000.03.28"]
[White "Eyefor"]
[WhiteElo "2345"]
[Black "LordPixel"]
[BlackElo "2320"]
[TimeControl "0+1"]
[Result "0-1"]

1. e4 Nf6 2. Nc3 d5 3. exd5 Nxd5 4. d4 e6 5. Nxd5 exd5 6. Nf3 
Nc6 7. Be2 P@h3 8. N@f4 Bb4+ 9. P@c3 hxg2 10. Nxg2 P@e4 11. Ng5 Be7 
12. Nxf7 Kxf7 13. P@h6 gxh6 14. Bxh6 Bh3 15. Bh5+ P@g6 16. P@g7 Bxg2 17. gxh8=Q 
Qxh8 
{Eyefor forfeits on time} 0-1

[Event "fics rated crazyhouse match"]
[Site "fics, Oklahoma City, OK USA"]
[Date "2000.03.28"]
[White "LordPixel"]
[WhiteElo "2329"]
[Black "Eyefor"]
[BlackElo "2336"]
[TimeControl "60+0"]
[Result "1-0"]

1. e4 e6 2. d4 d6 3. Nf3 Nf6 4. Nc3 Nc6 5. d5 exd5 6. exd5 
Nb4 7. Be2 Qe7 8. O-O Bg4 9. Be3 Bxf3 10. Bxf3 N@f5 11. B@a4+ Kd8 
12. Bg5 h6 13. Bxf6 Qxf6 14. N@e8 Qe7 15. P@d7 P@d4 16. Nb5 Qxd7 17. Nexc7 
Qxc7 18. Nxc7 Kxc7 19. Q@d7+ Kb6 20. P@a5+ Kxa5 21. Qb5# 
{Eyefor checkmated} 1-0

[Event "fics rated crazyhouse match"]
[Site "fics, Oklahoma City, OK USA"]
[Date "2000.03.28"]
[White "Eyefor"]
[WhiteElo "2328"]
[Black "LordPixel"]
[BlackElo "2337"]
[TimeControl "60+0"]
[Result "0-1"]

1. e4 Nf6 2. Nc3 d5 3. exd5 Nxd5 4. d4 e6 5. Nxd5 exd5 6. Nf3 
Nc6 7. Be2 P@e4 8. Ne5 Nxe5 9. dxe5 N@c4 10. Bxc4 dxc4 11. Qxd8+ Kxd8 
12. Q@d5+ Ke8 13. N@c3 N@g4 14. N@b5 B@a5 15. Qxc4 Q@b6 16. P@d4 Bxc3+ 17. Nxc3 
N@f5 18. N@d5 Qxd4 19. B@a4+ c6 20. Nc7+ Kd8 21. Qxd4+ Nxd4 22. Nxa8 P@c7 
23. R@d5+ Bd7 24. Q@h4+ Kc8 25. Rxd7 Kxd7 26. Qxg4+ Kd8 27. B@h4+ Be7 
{Eyefor forfeits on time} 0-1

[Event "fics rated crazyhouse match"]
[Site "fics, Oklahoma City, OK USA"]
[Date "2000.03.28"]
[White "Eyefor"]
[WhiteElo "2329"]
[Black "LordPixel"]
[BlackElo "2336"]
[TimeControl "60+0"]
[Result "0-1"]

1. e4 Nf6 2. Nc3 d5 3. exd5 Nxd5 4. Nf3 e6 5. d4 Nxc3 6. bxc3 
P@e4 7. Bb5+ c6 8. Bg5 N@f6 9. Bxf6 gxf6 10. P@g7 Bxg7 11. N@h5 Rg8 
12. Bc4 P@b2 13. Rb1 exf3 14. Nxg7+ Rxg7 15. Qxf3 N@h4 16. Qe2 Nxg2+ 17. Kd1 
N@f4 18. Qd2 B@g4+ 19. P@e2 P@d5 20. Bd3 Nxd3 21. Qxd3 Nf4 22. Qd2 Nxe2 
23. Rxb2 Ng3# 
{Eyefor forfeits on time} 0-1

[Event "fics rated crazyhouse match"]
[Site "fics, Oklahoma City, OK USA"]
[Date "2000.03.28"]
[White "Eyefor"]
[WhiteElo "2330"]
[Black "LordPixel"]
[BlackElo "2335"]
[TimeControl "60+0"]
[Result "1-0"]

1. e4 Nf6 2. Nc3 d5 3. exd5 Nxd5 4. Nf3 e6 5. d4 Nxc3 6. bxc3 
P@e4 7. Ng5 Qd5 8. P@c4 Qf5 9. N@g3 N@b2 10. Qh5 g6 11. Nxf5 gxh5 
12. Bxb2 Q@f6 13. Nxe4 Qg6 14. N@f6+ Qxf6 15. Nxf6+ Kd8 16. Q@e8# 
{LordPixel checkmated} 1-0

[Event "fics rated crazyhouse match"]
[Site "fics, Oklahoma City, OK USA"]
[Date "2000.03.28"]
[White "LordPixel"]
[WhiteElo "2327"]
[Black "Eyefor"]
[BlackElo "2338"]
[TimeControl "60+0"]
[Result "1-0"]

1. e4 e6 2. d4 d6 3. Nf3 Nf6 4. Nc3 Nc6 5. d5 exd5 6. exd5 
Nb4 7. Be2 Qe7 8. O-O Bg4 9. Be3 Bxf3 10. Bxf3 Nbxd5 11. Nxd5 Nxd5 
12. B@a4+ N@c6 13. Bxd5 N@b4 14. Bdxc6+ Nxc6 15. P@d5 P@d4 16. dxc6 bxc6 17. Bxc6+ 
P@d7 18. N@d5 Qd8 19. Bxa8 
{Eyefor forfeits on time} 1-0

[Event "fics rated crazyhouse match"]
[Site "fics, Oklahoma City, OK USA"]
[Date "2000.03.28"]
[White "LordPixel"]
[WhiteElo "2327"]
[Black "Eyefor"]
[BlackElo "2338"]
[TimeControl "60+0"]
[Result "0-1"]

1. e4 e6 2. d4 d5 3. exd5 exd5 4. Bb5+ c6 5. Qe2+ Qe7 6. Bf4 
cxb5 7. Qxe7+ Bxe7 8. Q@c7 Q@e6+ 9. Ne2 B@b6 10. Qe5 P@f6 11. Qxe6 Bxe6 
12. P@c7 Na6 13. Q@c3 Bb4 14. Qxb4 Nxb4 15. B@b3 Q@g4 16. g3 Q@f3 
{LordPixel forfeits on time} 0-1

[Event "fics rated crazyhouse match"]
[Site "fics, Oklahoma City, OK USA"]
[Date "2000.03.28"]
[White "LordPixel"]
[WhiteElo "2328"]
[Black "Eyefor"]
[BlackElo "2337"]
[TimeControl "60+0"]
[Result "1-0"]

1. e4 Nf6 2. Nc3 d5 3. exd5 Nxd5 4. d4 e6 5. Nxd5 exd5 6. Nf3 
Nc6 7. Be2 P@e4 8. Ne5 N@c4 9. Nxc6 bxc6 10. N@e5 N@h4 11. N@f4 Nxe5 
12. dxe5 Qg5 13. P@g3 Nxg2+ 14. Nxg2 Qxe5 15. N@g5 
{Eyefor forfeits on time} 1-0

[Event "fics rated crazyhouse match"]
[Site "fics, Oklahoma City, OK USA"]
[Date "2000.03.28"]
[White "Eyefor"]
[WhiteElo "2322"]
[Black "LordPixel"]
[BlackElo "2343"]
[TimeControl "60+0"]
[Result "0-1"]

1. e4 Nf6 2. Nc3 d5 3. exd5 Nxd5 4. Nf3 e6 5. d4 Nxc3 6. bxc3 
P@g4 7. Bb5+ Nc6 8. Ne5 Qd5 9. Bxc6+ bxc6 10. Qxg4 N@c4 11. N@d3 B@f5 
{Eyefor forfeits on time} 0-1

[Event "fics rated crazyhouse match"]
[Site "fics, Oklahoma City, OK USA"]
[Date "2000.03.28"]
[White "pminear"]
[WhiteElo "2446"]
[Black "XXNoWay"]
[BlackElo "2399"]
[TimeControl "60+0"]
[Result "1-0"]

1. e4 e6 2. Nc3 Nf6 3. e5 Nd5 4. Nxd5 exd5 5. Nf3 Nc6 6. d4 
d6 7. Bb5 Bg4 8. Qe2 N@e4 9. c4 dxe5 10. cxd5 Bxf3 11. Qxf3 Qxd5 
12. B@c4 N@c2+ 13. Kf1 P@d2 14. Bxd5 dxc1=Q+ 15. Rxc1 Nd2+ 16. Ke2 Nxf3 17. Bxf7+ 
Kxf7 18. P@e6+ Kxe6 19. d5+ Kxd5 20. P@e4+ Kxe4 21. gxf3+ Kf5 22. Bd3+ Ke6 
23. P@d5+ Kxd5 24. Bc4+ Kxc4 25. Rxc2+ Kd5 26. Q@c4+ Kd6 27. N@f5+ Kd7 28. Rd1+ 
P@d6 29. Rxd6+ Bxd6 30. P@e6+ Kc8 31. Nxd6+ cxd6 32. B@d7+ Kb8 33. N@a6+ bxa6 
34. Qb4+ Nxb4 35. N@c6# 
{XXNoWay forfeits on time} 1-0

[Event "fics rated crazyhouse match"]
[Site "fics, Oklahoma City, OK USA"]
[Date "2000.03.28"]
[White "XXNoWay"]
[WhiteElo "2392"]
[Black "pminear"]
[BlackElo "2453"]
[TimeControl "60+0"]
[Result "1-0"]

1. e4 e5 2. Nf3 Nc6 3. Bb5 Bc5 4. d3 Nf6 5. O-O d6 6. h3 
a6 7. Bxc6+ bxc6 8. Bg5 B@h5 9. N@g3 Bxf3 10. Qxf3 N@d4 11. Qd1 h6 
12. Bxf6 Qxf6 13. Nh5 Qg6 14. N@h4 Qg5 15. B@e3 Qxh4 16. Nxg7+ Kf8 17. Nh5 
B@f6 18. Nxf6 Qxf6 19. Bxd4 Bxd4 20. N@h5 N@f3+ 21. Kh1 Bxh3 22. Nxf6 Bxg2+ 
23. Kxg2 N@h4+ 24. Kh3 B@g2+ 25. Kg3 P@f4+ 26. Kg4 h5+ 27. Nxh5 Rg8+ 28. P@g7+ 
Rxg7+ 29. Nxg7 P@f5+ 30. exf5 P@h5+ 31. Kxh5 Kxg7 32. Q@h6+ Kg8 33. R@h8# 
{pminear checkmated} 1-0

[Event "fics rated crazyhouse match"]
[Site "fics, Oklahoma City, OK USA"]
[Date "2000.03.28"]
[White "pminear"]
[WhiteElo "2444"]
[Black "XXNoWay"]
[BlackElo "2401"]
[TimeControl "60+0"]
[Result "1-0"]

1. e4 d6 2. Nc3 Nf6 3. d4 Nc6 4. Nf3 Bg4 5. d5 Bxf3 6. gxf3 
Ne5 7. B@g2 N@h4 8. f4 Neg4 9. Bb5+ Qd7 10. Bxd7+ Kxd7 11. Bh3 B@h5 
12. Bxg4+ Bxg4 13. Qxg4+ Nxg4 14. B@h3 B@f3 15. Q@g3 Q@h5 16. Bxg4+ Bxg4 17. N@c5+ 
dxc5 18. N@e5+ Ke8 19. Nxg4 B@f3 20. Ne5 Ng2+ 21. Qxg2 Bxg2 22. B@d7+ Kd8 
23. N@c6+ bxc6 24. Nxc6+ Kxd7 25. Ne5+ Qxe5 26. fxe5 N@f3+ 27. Kd1 Q@d4+ 28. P@d3 
Qxf2 29. e6+ Kd8 30. Q@d7# 
{XXNoWay checkmated} 1-0

[Event "fics rated crazyhouse match"]
[Site "fics, Oklahoma City, OK USA"]
[Date "2000.03.28"]
[White "pminear"]
[WhiteElo "2458"]
[Black "XXNoWay"]
[BlackElo "2387"]
[TimeControl "60+0"]
[Result "1-0"]

1. e4 e5 2. Nc3 d6 3. Nf3 Nf6 4. d4 exd4 5. Nxd4 Be7 6. Bc4 
O-O 7. P@h6 gxh6 8. Bxh6 P@g7 9. Bxg7 Kxg7 10. P@g5 Ng4 11. Nf5+ Bxf5 
12. exf5 Bxg5 13. Qxg4 B@d2+ 14. Kf1 N@e5 15. N@h5+ Kg8 16. Qg3 Nxc4 17. B@d5 
Nxb2 18. f6 B@f4 19. Nxf4 Bxf4 20. P@g7 Bxg3 21. gxf8=Q+ Kxf8 22. B@e7+ Qxe7 
23. fxe7+ Bxe7 24. hxg3 N@d2+ 25. Kg1 B@d4 26. R@h8+ Bxh8 27. Bxf7 Kxf7 28. Rxh7+ 
B@g7 29. P@e6+ Kxe6 30. B@d5+ Kd7 31. P@e6+ Kd8 32. Rxh8# 
{XXNoWay forfeits on time} 1-0

[Event "fics rated crazyhouse match"]
[Site "fics, Oklahoma City, OK USA"]
[Date "2000.03.28"]
[White "XXNoWay"]
[WhiteElo "2381"]
[Black "pminear"]
[BlackElo "2464"]
[TimeControl "60+0"]
[Result "0-1"]

1. d4 Nf6 2. Nc3 e6 3. Nf3 Nc6 4. Bg5 Bb4 5. e3 h6 6. Bxf6 
Qxf6 7. Bb5 Qg6 8. Bxc6 Bxc3+ 9. bxc3 bxc6 10. N@f4 Qh7 11. B@e5 d6 
12. Bxg7 Qxg7 13. Nh5 Qg6 14. Nh4 Qg5 15. P@f4 Qxh4 16. g3 N@g2+ 17. Kd2 
N@c4+ 18. Kc1 B@b2+ 19. Kb1 Qxh5 20. N@f6+ Kd8 21. a3 Qxd1+ 22. Rxd1 N@d2+ 
23. Ka2 Bxa1 24. Q@b4 R@b2+ 25. Qxb2 Bxb2 26. Rxd2 Bxc3 27. N@g8 
{XXNoWay resigns} 0-1

[Event "fics rated crazyhouse match"]
[Site "fics, Oklahoma City, OK USA"]
[Date "2000.03.28"]
[White "XXNoWay"]
[WhiteElo "2369"]
[Black "pminear"]
[BlackElo "2476"]
[TimeControl "60+0"]
[Result "1-0"]

1. e4 e5 2. Nc3 Nc6 3. Nf3 Bc5 4. Bb5 Nf6 5. d3 a6 6. Bc4 
h6 7. O-O b5 8. Bxf7+ Kxf7 9. P@g5 Kf8 10. gxf6 Qxf6 11. Nd5 Qf7 
12. Nxc7 Ra7 13. Nd5 B@h5 14. P@e7+ Nxe7 15. Nxe7 Bxe7 16. N@f5 Bxf3 17. Qxf3 
N@g5 18. Bxg5 Bxg5 19. B@d6+ P@e7 20. N@g6+ Qxg6 21. Nxe7+ Qf6 22. N@g6+ Ke8 
23. P@f7+ Kd8 24. Qxf6 Bxf6 25. Q@e8+ Rxe8 26. fxe8=Q+ Kxe8 27. R@f8# 
{pminear checkmated} 1-0